 Dungeon Crawl Stone Soup version 0.30-a0-738-g116ff8c4af (webtiles) character file.

Game seed: 109685105437612179

253 gelatine the Shield-Bearer (level 5, -3/41 HPs)
             Began as a Demonspawn Fighter on Feb 4, 2023.
             Slain by a kobold brigand
             ... wielding a +0 club
              (6 damage)
             ... on level 3 of the Dungeon.
             The game lasted 00:05:44 (2462 turns).

gelatine the Shield-Bearer (Demonspawn Fighter)     Turns: 2462, Time: 00:05:45

Health: -3/41      AC: 11    Str: 19    XL:     5   Next: 90%
Magic:  5/5        EV:  9    Int:  9    God:
Gold:   182        SH:  4    Dex: 12    Spells: 4/4 levels left

rFire   . . .      SeeInvis .    a - +0 war axe
rCold   . . .      Faith    .    c - +0 buckler
rNeg    . . .      Spirit   .    r - +0 chain mail
rPois   .          Reflect  .    (helmet restricted)
rElec   .          Harm     .    u - +0 cloak
rCorr   .          Rampage  .    (no gloves)
Will    .....                    s - +0 pair of boots Stlth
                                 (no amulet)
HPRegen 0.26/turn                (no ring)
MPRegen 0.09/turn                (no ring)

@: slowed, very slow
A: horns 1, sturdy frame 2
a: no special abilities


You were on level 3 of the Dungeon.
You visited 1 branch of the dungeon, and saw 3 of its levels.

You collected 182 gold pieces.

Inventory:

Hand Weapons
 a - a +0 war axe (weapon)
 n - a +0 battleaxe
Missiles
 o - 3 boomerangs (quivered)
Armour
 c - a +0 buckler (worn)
 r - a +0 chain mail (worn)
 s - a +0 pair of boots (worn)
 u - a +0 cloak (worn)
Wands
 d - a wand of light (18)
 j - a wand of polymorph (7)
Scrolls
 e - a scroll of teleportation {unknown}
 f - 3 scrolls of identify {unknown}
 g - 3 scrolls of enchant weapon {unknown}
 i - a scroll of poison {unknown}
 l - a scroll of vulnerability {unknown}
 m - a scroll of magic mapping {unknown}
 q - a scroll of blinking {unknown}
Potions
 k - a potion of cancellation {unknown}
 p - a potion of mutation {unknown}
 t - a potion of haste {unknown}


   Skills:
 * Level 3.4 Fighting
 * Level 3.6 Axes
 * Level 3.5 Armour
 * Level 1.7 Dodging
 + Level 0.2 Stealth
 * Level 3.6 Shields


You had 4 spell levels left.
You didn't know any spells.
Your spell library contained the following spells:

 Spells                   Type           Power      Damage    Failure   Level
 Beastly Appendage        Tmut           0%         N/A       89%         1
 Wereblood                Tmut           0%         N/A       96%         2
 Spider Form              Tmut/Pois      0%         N/A       99%         3


Dungeon Overview and Level Annotations

Branches:
Dungeon (3/15)

Altars:

Shops:
D:1 :

Annotations:
D:3 3 runed translucent doors, purpskrrrp's ghost, amateur DsCj


Innate Abilities, Weirdness & Mutations

You have a pair of small horns on your head.
Your movements are less encumbered by armour. (ER -4)


Message History

You block the kobold brigand's attack.
The kobold brigand hits you but does no damage.
You barely miss the kobold brigand.
The kobold brigand is heavily wounded.
The kobold brigand hits you with a +0 club. x2
You slash the kobold brigand!
The kobold brigand is almost dead.
The kobold brigand barely misses you.
The kobold brigand hits you but does no damage.
You hit the kobold brigand but do no damage.
The kobold brigand is almost dead.
The kobold brigand hits you but does no damage.
The kobold brigand hits you with a +0 club!
* * * LOW HITPOINT WARNING * * *
You closely miss the kobold brigand.
You headbutt the kobold brigand, but do no damage.
The kobold brigand is almost dead.
The kobold brigand hits you with a +0 club.
* * * LOW HITPOINT WARNING * * *
The kobold brigand hits you but does no damage.
You hit the kobold brigand but do no damage.
The kobold brigand is almost dead.
The kobold brigand barely misses you.
The kobold brigand hits you but does no damage.
You hit the kobold brigand but do no damage.
The kobold brigand is almost dead.
The kobold brigand hits you but does no damage.
The kobold brigand barely misses you.
You barely miss the kobold brigand.
The kobold brigand is almost dead.
The kobold brigand hits you but does no damage.
The kobold brigand hits you with a +0 club.
* * * LOW HITPOINT WARNING * * *
You closely miss the kobold brigand.
The kobold brigand is almost dead.
The kobold brigand hits you but does no damage.
The kobold brigand hits you with a +0 club.
* * * LOW HITPOINT WARNING * * *
The kobold brigand hits you with a +0 club.
You die...

.........##########
........## ..###.).#
#....)))# #......#######
....)###.....###
.....).)...).))######
.....)..#####)...K..###.
.....####≈≈≈###)@.......
###### ~~~≈~~~######...#
#~~~~~~~~ ## ###~~~####
##### ##### ♣#..)#


You could see a kobold brigand.

Vanquished Creatures
  A kobold brigand (D:3)
  Crazy Yiuf (D:3)
  Robin (D:2)
  2 adders (D:3)
  3 worms (D:2)
  13 orcs (D:3)
  7 endoplasms
  3 giant cockroaches
  12 goblins
  4 hobgoblins
  12 jackals
  A quokka (D:3)
  5 ball pythons
  8 bats
  2 frilled lizards
  13 kobolds
  2 rats
90 creatures vanquished.

Notes
Turn   | Place    | Note
-------+----------+-------------------------------------------
     0 | D:1      | gelatine the Demonspawn Fighter began the quest for the
                  | Orb.
     0 | D:1      | Reached XP level 1. HP: 18/18 MP: 1/1
    15 | D:1      | Found Tyl Iceo's Book Shoppe.
    63 | D:1      | Gained mutation: You have a pair of small horns on your
                  | head. [demonic ancestry]
    63 | D:1      | Reached XP level 2. HP: 23/24 MP: 2/2
   247 | D:1      | Found a faded altar of an unknown god.
   823 | D:2      | Gained mutation: Your movements are slightly less
                  | encumbered by armour. (ER -2) [demonic ancestry]
   823 | D:2      | Reached XP level 3. HP: 29/29 MP: 3/3
  1177 | D:2      | Noticed Robin
  1192 | D:2      | Killed Robin
  1193 | D:2      | Reached skill level 1 in Dodging
  1193 | D:2      | Gained mutation: Your movements are less encumbered by
                  | armour. (ER -4) [demonic ancestry]
  1193 | D:2      | Reached XP level 4. HP: 26/35 MP: 4/4
  2158 | D:3      | Found a runed translucent gate.
  2159 | D:3      | Found a runed translucent gate.
  2159 | D:3      | Noticed purpskrrrp's ghost (amateur DsCj)
  2160 | D:3      | Found a runed translucent gate.
  2160 | D:3      | Noticed a kobold brigand
  2194 | D:3      | Reached XP level 5. HP: 30/41 MP: 5/5
  2255 | D:3      | Found a runed translucent door.
  2256 | D:3      | Noticed Crazy Yiuf
  2266 | D:3      | Killed Crazy Yiuf
  2462 | D:3      | Slain by a kobold brigand

Illustrated notes

Levels and vault maps discovered:
D:1:      lightli_arrival_maybe_door_vault, layout_loops_ring, serial_shops,
          shop, shapermc_ecumenical_altar_mp_urbaneastern, nrook_mini_vaults,
          kennysheep_minor_cross
D:2:      layout_basic, columned_hall_lemuel, uniq_robin
D:3:      cheibrodos_thug_alley, layout_rooms, gammafunk_ghost_nasty_kobolds,
          uniq_crazy_yiuf_cottage

Skill      XL: |  1  2  3  4 |
---------------+-------------+-----
Armour         | 3 |  3.5
Axes           | 2 3 |  3.6
Shields        | 3 |  3.6
Dodging        | 1 |  1.7
Fighting       | |  3.4
Stealth        | |  0.2

Action                     |  1- 3 |  4- 6 || total
---------------------------+-------+-------++-------
  Melee: War axe           |   123 |   128 ||   251
         Headbutt          |    14 |    22 ||    36
  Throw: Boomerang         |       |     4 ||     4
    Use: Potion            |     3 |     1 ||     4
 Armour: Scale mail        |    81 |    25 ||   106
         Chain mail        |       |    46 ||    46
  Dodge: Dodged            |    75 |    63 ||   138
  Block: Buckler           |    34 |    38 ||    72

Table legend: (Time is in decaauts)
 A = Elapsed time spent in this place.
 B = Non-inter-level travel time spent in this place.
 C = Inter-level travel time spent in this place.
 D = Time resting spent in this place.
 E = Time spent auto-exploring this place.
 F = Levels seen in this place.
 G = Mean time per level.
                   A        B        C        D        E       F      G
               +--------+--------+--------+--------+--------+-----+--------+
         Total |   2574 |   2482 |     92 |      0 |   1743 |   3 |  858.0 |
       Dungeon |   2574 |   2482 |     92 |      0 |   1743 |   3 |  858.0 |
               +--------+--------+--------+--------+--------+-----+--------+

Top non-repeatable levels by time:
     D:2: 983 daAuts
     D:1: 838 daAuts
     D:3: 753 daAuts
